 Dungeon Crawl Stone Soup version 0.30-a0-46-g5a63ccc183 (webtiles) character file.

Game seed: 13381123966790631683

27638 rogsnak the Destroyer (level 13, -5/101 HPs)
             Began as a Yellow Draconian Earth Elementalist on Aug 25, 2022.
             Was a High Priest of Sif Muna.
             Slain by a boulder beetle (12 damage)
             ... on level 14 of the Dungeon on Sept 2, 2022.
             The game lasted 01:00:55 (20745 turns).

rogsnak the Destroyer (DrEE)                       Turns: 20745, Time: 01:00:55

Health: -5/101     AC: 13    Str: 12    XL:     13   Next: 5%
Magic:  36/36      EV: 14    Int: 22    God:    Sif Muna [*****.]
Gold:   1125       SH:  0    Dex: 12    Spells: 21/32 levels left

rFire   . . .      SeeInvis .    I - staff of earth
rCold   . . .      Faith    .    (no shield)
rNeg    . . .      Spirit   .    (body armour unavailable)
rPois   +          Reflect  .    W - +0 hat
rElec   +          Harm     .    D - +1 cloak of Negligence {Int+3 Stlth+}
rCorr   +          Rampage  .    (no gloves)
Will    .....                    w - +2 pair of boots "Vicefiq" {Stlth+}
Stlth   ++++......               e - amulet of the Priest {RegenMP rElec}
HPRegen 0.26/turn                U - ring of poison resistance
MPRegen 0.65/turn                L - ring of magical power

@: marked
A: spit acid, AC +8, unfitting armour, cold-blooded, acid resistance
a: Breathe Acid, Renounce Religion, Channel Magic, Forget Spell, Divine Exegesis


You were on level 14 of the Dungeon.
You worshipped Sif Muna.
Sif Muna was extremely pleased with you.
You visited 2 branches of the dungeon, and saw 15 of its levels.
You also visited: Sewer and Gauntlet.

You collected 1125 gold pieces.

Inventory:

Hand Weapons
 u - the +3 quarterstaff of Lidenobe {vorpal, *Corrode rElec Int+4}
   (You took it off a minotaur in a Gauntlet)

   It inflicts extra damage upon your enemies.
   Int:       It affects your intelligence (+4).
   rElec:     It insulates you from electricity.
   *Corrode:  It may corrode you when you take damage.
 y - the +6 shillelagh "Devastator" {shatter}
   (You found it in a Gauntlet)

   It releases a powerful concussive burst when it strikes, dealing extra damage
   to the target and all other foes adjacent to them.
 G - the +7 rapier "Feimpu" {speed, Str+6 Dex-4}
   (You found it in a Gauntlet)

   Attacks with this weapon are significantly faster.
   Str:       It affects your strength (+6).
   Dex:       It affects your dexterity (-4).
 R - the +6 spear "Teucaom" {flame, rC+}
   (You found it on level 10 of the Dungeon)

   It burns those it strikes, dealing additional fire damage.
   rC:        It protects you from cold.
 X - a +2 battleaxe of electrocution
Missiles
 c - 100 stones
 f - 5 datura-tipped darts
 N - 2 throwing nets
Armour
 w - the +2 pair of boots "Vicefiq" (worn) {Stlth+}
   (You found it in a Gauntlet)

   Stlth:     It makes you more stealthy.
 D - the +1 cloak of Negligence (worn) {Int+3 Stlth+}
   (You found it in a Gauntlet)

   Int:       It affects your intelligence (+3).
   Stlth:     It makes you more stealthy.
 W - a +0 hat (worn)
Magical Staves
 i - a staff of air
 F - a staff of conjuration
 I - a staff of earth (weapon)
 O - a staff of poison
Jewellery
 e - the amulet of the Priest (around neck) {RegenMP rElec}
   (You acquired it on level 13 of the Dungeon)

   [amulet of magic regeneration]

   It increases your rate of magic regeneration.
   rElec:     It insulates you from electricity.
 s - a ring of willpower
 x - an amulet of regeneration
 B - a ring of fire
 L - a ring of magical power (right hand)
 Q - an amulet of the acrobat
 U - a ring of poison resistance (left hand)
Wands
 H - a wand of charming (4)
 M - a wand of quicksilver (19)
 P - a wand of flame (11)
 V - a wand of digging (5)
Scrolls
 b - 2 scrolls of blinking {unknown}
 g - a scroll of poison
 k - 4 scrolls of enchant armour {unknown}
 l - 3 scrolls of fear {unknown}
 m - 2 scrolls of noise {unknown}
 p - 4 scrolls of fog {unknown}
 r - 2 scrolls of immolation {unknown}
 t - 8 scrolls of teleportation {unknown}
 v - 2 scrolls of amnesia
 z - a scroll of summoning
 E - 5 scrolls of magic mapping {unknown}
 J - 3 scrolls of enchant weapon
 S - a scroll of identify
Potions
 a - 3 potions of magic
 d - 3 potions of degeneration {unknown}
 h - 2 potions of cancellation
 j - 15 potions of curing {unknown}
 n - 3 potions of brilliance {unknown}
 o - 2 potions of flight
 q - 4 potions of lignification {unknown}
 A - a potion of haste
 C - 3 potions of might
 K - 4 potions of heal wounds {unknown}
 Y - 2 potions of mutation
 Z - a potion of invisibility {unknown}
Miscellaneous
 T - a box of beasts


   Skills:
 + Level 5.5 Fighting
 + Level 3.9 Long Blades
 - Level 3.7 Maces & Flails
 + Level 5.6 Dodging
 - Level 2.0 Stealth
 + Level 10.2 Spellcasting
 * Level 14.1 Conjurations
 - Level 1.0 Transmutations
 + Level 10.1 Earth Magic


You had 21 spell levels left.
You knew the following spells:

 Your Spells              Type           Power      Damage    Failure   Level
a - Sandblast             Erth           100%       2d20      1%          1
b - Stone Arrow           Conj/Erth      100%       3d13      1%          3
c - Orb of Destruction    Conj           32%        9d10      16%         7

Your spell library contained the following spells:

 Spells                   Type           Power      Damage    Failure   Level
 Passwall                 Tmut/Erth      43%        N/A       1%          2
 Static Discharge         Conj/Air       84%        3-9/arc   1%          2
 Dazzling Flash           Conj/Hex       84%        N/A       1%          3
 Petrify                  Tmut/Erth      52%        N/A       6%          4
 Leda's Liquefaction      Hex/Erth       25%        N/A       8%          4
 Ensorcelled Hibernation  Hex/Ice        22%        N/A       9%          2
 Call Canine Familiar     Summ           11%        N/A       19%         3
 Ozocubu's Armour         Ice            11%        N/A       19%         3
 Portal Projectile        Hex/Tloc       22%        N/A       19%         3
 Agony                    Necr           11%        N/A       86%         5
 Metabolic Englaciation   Hex/Ice        5%         N/A       86%         5
 Silence                  Hex/Air        5%         N/A       86%         5
 Simulacrum               Ice/Necr       5%         N/A       100%        6
 Chain Lightning          Conj/Air       21%        3d28      100%        9


Dungeon Overview and Level Annotations

Branches:
Dungeon (14/15)            Temple (1/1) D:5            Lair (0/5) D:10
    Orc (0/2) D:10         Vaults (0/5) D:13          Sewer (visited)
Gauntlet (visited)

Altars:
Ashenzari
Cheibriados
Dithmenos
Elyvilon
Makhleb
Nemelex Xobeh
Okawaru
Qazlal
Ru
Sif Muna
Trog
Uskayaw
Vehumet
Xom
Zin
The Shining One

Shops:
D:2 (   D:4 (   D:8 [   D:13 [


Innate Abilities, Weirdness & Mutations

You can spit globs of acid.
Your golden yellow scales are hard. (AC +8)
You cannot fit into any form of body armour.
You are cold-blooded and may be slowed by cold attacks.
You are resistant to acid. (rCorr)


Message History

You hit the boulder beetle but do no damage.
You tail-slap the boulder beetle, but do no damage.
Your vampire mosquito bites the boulder beetle but does no damage. x2
The boulder beetle closely misses you.
Your vampire mosquito bites the boulder beetle but does no damage.
The boulder beetle attacks as you move away!
The boulder beetle bites you!!
Your vampire mosquito bites the boulder beetle but does no damage.
The deep elf pyromancer gestures wildly while chanting.
The boulder beetle curls into a ball and begins rolling!
Unknown command.
Your vampire mosquito bites the boulder beetle but does no damage. x2
Your vampire mosquito bites the boulder beetle.
Your vampire mosquito draws strength from the boulder beetle's injuries!
The boulder beetle attacks as you move away!
The boulder beetle hits you!!
* * * LOW HITPOINT WARNING * * *
The boulder beetle stops rolling and uncurls.
Aiming: Charm
Press: ? - help, Shift-Dir - straight line, f - boulder beetle, p - vampire mosquito
Aim: a boulder beetle (lightly wounded, ally target, chance to affect: 31%)
The boulder beetle easily resists.
Your vampire mosquito bites the boulder beetle.
Your vampire mosquito draws strength from the boulder beetle's injuries!
The boulder beetle bites you!!
* * * LOW HITPOINT WARNING * * *
Your vampire mosquito bites the boulder beetle!
Your vampire mosquito draws strength from the boulder beetle's injuries!
The fire elemental closely misses your vampire mosquito.
Unknown command.
Aiming: Charm
Press: ? - help, Shift-Dir - straight line, f/p - boulder beetle
Aim: a boulder beetle (lightly wounded, ally target, chance to affect: 31%)
The boulder beetle easily resists.
Your vampire mosquito bites the boulder beetle but does no damage.
The deep elf pyromancer casts a spell at you.
The sticky flame hits your vampire mosquito!
Your vampire mosquito is covered in liquid flames!
The boulder beetle bites you!
You die...

#...###.# #...# #.. #.###
#.## #...# #.. #.#
##..########## #..
#.####.......# #..
#...##.#.###.# ###..
#.#.##.#...#.# #.....
#.#....##....# ####y#..[
#########..### #...[....
####..@### #........
#....#.By######..♣....♣
#.######Ee....#...♣♣♣P♣
#.##....E○E......P♣♣...
#.##.....☼○......♣.....
###.##......○.°........P.
#...##........○°○..P♣....
#.##############○°.P♣ ...
#.###### ##°..♣ ♣P


You could see a boulder beetle, a deep elf pyromancer (ally target), 3 fire
elementals and a friendly vampire mosquito (charmed, burning).

Vanquished Creatures
  Rupert (D:13)
  A minotaur (Gauntlet)
  A vault guard (D:13)
  3 hydras
  A ghost crab (Gauntlet)
  2 boulder beetles
  4 two-headed ogres
  A steelbarb worm (shapeshifter) (D:14)
  Pikel (D:5)
  A deep elf pyromancer (D:14)
  6 ugly things
  3 manticores
  3 cyclopes
  A minotaur zombie (Gauntlet)
  2 kobold demonologists (D:11)
  4 trolls
  A hornet (D:10)
  6 slime creatures
  A vampire (D:14)
  2 wraiths (D:13)
  5 shadows
  4 wyverns
  A basilisk (D:11)
  8 humans
  10 yaks (D:10)
  A golden eye (shapeshifter) (D:14)
  Menkaure (D:4)
  3 swamp worms (Gauntlet)
  A steam dragon (D:7)
  A water moccasin (D:8)
  3 acid dragons
  7 orc warriors
  3 sky beasts
  3 ice beasts
  A black bear (D:7)
  3 ogres
  3 centaurs
  3 lemures
  A kobold brigand (D:11)
  4 gnoll sergeants
  2 bullfrogs (Sewer)
  5 scorpions
  A necrophage (D:7)
  7 wights
  7 electric eels
  3 howler monkeys (D:9)
  2 gnoll boudas
  2 jellies (D:6)
  7 orc priests
  4 iguanas
  12 orc wizards
  17 gnolls
  13 adders
  5 river rats (Sewer)
  A shadow imp (D:6)
  3 white imps
  An ufetubus (D:5)
  3 worms
  3 dart slugs
  52 orcs
  6 endoplasms
  2 giant cockroaches
  3 hobgoblins (D:1)
  4 jackals (D:3)
  2 quokkas
  19 ball pythons
  4 bats
  6 frilled lizards
  5 goblins
  12 kobolds
  33 rats
357 creatures vanquished.

Vanquished Creatures (others)
  2 humans
  3 bushes (D:14)
  5 fungi (D:14)
  8 plants
18 creatures vanquished.

Grand Total: 375 creatures vanquished

Notes
Turn   | Place    | Note
-------+----------+-------------------------------------------
     0 | D:1      | rogsnak the Draconian Earth Elementalist began the quest
                  | for the Orb.
     0 | D:1      | Reached XP level 1. HP: 14/14 MP: 3/3
   675 | D:1      | Reached XP level 2. HP: 20/20 MP: 5/5
   788 | D:1      | Found a faded altar of an unknown god.
   788 | D:1      | Noticed an ice devil
  1185 | D:2      | Reached XP level 3. HP: 26/27 MP: 6/6
  1237 | D:2      | Found Feluz's Weapon Boutique.
  1853 | D:3      | Learned a level 3 spell: Stone Arrow
  2092 | D:3      | Reached XP level 4. HP: 33/34 MP: 7/7
  2111 | D:3      | Found a bloodstained altar of Trog.
  2333 | D:3      | Reached skill level 1 in Fighting
  2580 | D:4      | Found Kuff's Antique Weapon Shop.
  2639 | D:4      | Got the Teachings on the Barrage and Firn
  2704 | D:4      | Noticed Menkaure
  2731 | D:4      | Killed Menkaure
  2732 | D:4      | Reached skill level 1 in Conjurations
  2732 | D:4      | Reached XP level 5. HP: 37/41 MP: 0/9
  3434 | D:4      | Reached skill level 2 in Conjurations
  3434 | D:4      | Reached XP level 6. HP: 22/50 MP: 3/10
  3914 | D:4      | Found an iron altar of Okawaru.
  3916 | D:4      | Found a burning altar of Makhleb.
  3916 | D:4      | Found a radiant altar of Vehumet.
  3916 | D:4      | Found a shadowy altar of Dithmenos.
  3922 | D:4      | Found a broken altar of Ashenzari.
  3922 | D:4      | Found a sacrificial altar of Ru.
  4094 | D:5      | Entered Level 5 of the Dungeon
  4325 | D:5      | Noticed an ice beast
  4360 | D:5      | Killed an ice beast
  4361 | D:5      | Reached skill level 1 in Maces & Flails
  4361 | D:5      | Your scales start taking on a golden yellow colour.
  4361 | D:5      | Reached XP level 7. HP: 57/57 MP: 3/12
  4361 | D:5      | Gained mutation: You are resistant to acid. (rCorr) [Yellow
                  | Draconian growth]
  4525 | D:5      | Found a staircase to the Ecumenical Temple.
  4571 | D:5      | Reached skill level 3 in Conjurations
  4651 | Temple   | Entered the Ecumenical Temple
  4747 | Temple   | Became a worshipper of Sif Muna the Loreminder
  4923 | D:4      | Reached skill level 5 in Earth Magic
  5152 | D:5      | Found a glowing golden altar of the Shining One.
  5327 | D:5      | Reached XP level 8. HP: 25/63 MP: 2/14
  5810 | D:5      | Noticed Pikel
  5823 | D:5      | Killed Pikel
  5824 | D:5      | Reached skill level 4 in Conjurations
  6043 | D:6      | Found a glowing drain.
  6179 | Sewer    | Entered a sewer
  6319 | Sewer    | Reached skill level 5 in Spellcasting
  6326 | Sewer    | Reached * piety under Sif Muna
  6327 | Sewer    | Reached skill level 5 in Conjurations
  6828 | Sewer    | Reached ** piety under Sif Muna
  7034 | D:6      | Reached XP level 9. HP: 72/72 MP: 9/16
  8223 | D:7      | Reached skill level 6 in Conjurations
  8405 | D:7      | Found a shimmering altar of Xom.
  8861 | D:7      | Reached skill level 7 in Conjurations
  9568 | D:7      | Upgraded the game from 0.30-a0-23-ge60ba3568b to
                  | 0.30-a0-43-gbbf338a72c
 10234 | D:8      | Reached skill level 8 in Conjurations
 10234 | D:8      | Reached XP level 10. HP: 80/80 MP: 18/19
 10329 | D:8      | Reached *** piety under Sif Muna
 10410 | D:8      | Found Juoziud's Armour Boutique.
 11226 | D:9      | Reached skill level 1 in Long Blades
 11861 | D:10     | Entered Level 10 of the Dungeon
 11930 | D:10     | Reached skill level 9 in Conjurations
 12008 | D:10     | Found a staircase to the Lair.
 12299 | D:10     | Noticed a manticore
 12307 | D:10     | Killed a manticore
 12308 | D:10     | Reached skill level 5 in Dodging
 12511 | D:10     | Reached **** piety under Sif Muna
 13171 | D:10     | Identified the +6 spear "Teucaom" {flame, rC+}
 13273 | D:10     | Reached XP level 11. HP: 72/85 MP: 22/22
 13529 | D:10     | Found a staircase to the Orcish Mines.
 13869 | D:11     | Reached skill level 10 in Conjurations
 13877 | D:11     | Noticed an eight-headed hydra
 13882 | D:11     | Killed an eight-headed hydra
 13883 | D:11     | Reached skill level 5 in Fighting
 14405 | D:11     | Noticed a two-headed ogre
 15002 | D:11     | Noticed a boulder beetle
 15020 | D:11     | Killed a two-headed ogre
 15182 | D:11     | Noticed a seven-headed hydra
 15186 | D:11     | Killed a seven-headed hydra
 15312 | D:11     | Killed a boulder beetle
 15313 | D:11     | Reached skill level 11 in Conjurations
 15487 | D:12     | Noticed a white ugly thing
 15496 | D:12     | Killed a white ugly thing
 15935 | D:12     | Noticed a two-headed ogre
 15945 | D:12     | Killed a two-headed ogre
 16108 | D:12     | Noticed a boulder beetle
 16108 | D:12     | Noticed a red ugly thing
 16227 | D:12     | Killed a red ugly thing
 16324 | D:12     | Killed a boulder beetle
 16503 | D:12     | Reached XP level 12. HP: 46/94 MP: 24/24
 16675 | D:12     | Reached skill level 12 in Conjurations
 17200 | D:13     | Found a gate leading to a gauntlet.
 17215 | D:13     | Identified a scroll of acquirement
 17223 | D:13     | Acquired the amulet of the Priest {RegenMP rElec}
 17246 | Gauntlet | Entered a Gauntlet
 17246 | Gauntlet | Found a transporter.
 17246 | Gauntlet | Found a transporter.
 17250 | Gauntlet | Noticed a death scarab
 17252 | Gauntlet | Found a transporter.
 17255 | Gauntlet | Found a transporter.
 17259 | Gauntlet | Found a transporter.
 17259 | Gauntlet | Found a transporter.
 17296 | Gauntlet | Found a transporter.
 17296 | Gauntlet | Noticed a ghost crab
 17296 | Gauntlet | Found the +6 shillelagh "Devastator" {shatter}
 17299 | Gauntlet | Found a transporter.
 17299 | Gauntlet | Found a transporter.
 17329 | Gauntlet | Found a transporter.
 17340 | Gauntlet | Found a transporter.
 17350 | Gauntlet | Found a transporter.
 17368 | Gauntlet | Found a transporter.
 17387 | Gauntlet | Found a transporter.
 17713 | Gauntlet | Killed a ghost crab
 17723 | Gauntlet | Identified the +2 pair of boots "Vicefiq" {Stlth+}
 17771 | Gauntlet | Identified the +1 cloak of Negligence {Int+3 Stlth+}
 17809 | Gauntlet | Identified the +3 quarterstaff of Lidenobe {vorpal,
                  | *Corrode rElec Int+4}
 17809 | Gauntlet | Noticed a minotaur
 17832 | Gauntlet | Killed a minotaur
 17905 | Gauntlet | Identified the +7 rapier "Feimpu" {speed, Str+6 Dex-4}
 18084 | D:13     | Noticed a two-headed ogre
 18098 | D:13     | Killed a two-headed ogre
 18268 | D:13     | Noticed a vault guard
 18294 | D:13     | Reached ***** piety under Sif Muna
 18340 | D:13     | Found Usaemp's Armour Shoppe.
 18356 | D:13     | Noticed a two-headed ogre
 18359 | D:13     | Killed a two-headed ogre
 18360 | D:13     | Reached skill level 13 in Conjurations
 18453 | D:13     | Noticed Rupert
 18461 | D:13     | Upgraded the game from 0.30-a0-43-gbbf338a72c to
                  | 0.30-a0-46-g5a63ccc183
 18550 | D:13     | Learned a level 7 spell: Orb of Destruction
 18738 | D:13     | Killed Rupert
 18987 | D:13     | Killed a vault guard
 19050 | D:13     | Noticed a vault guard
 19583 | D:13     | Found a gate to the Vaults.
 19796 | D:14     | Reached skill level 10 in Spellcasting
 19808 | D:14     | Noticed a boulder beetle
 19874 | D:14     | Reached skill level 10 in Earth Magic
 20416 | D:14     | Found a radiant altar of Vehumet.
 20420 | D:14     | Noticed an eight-headed hydra
 20426 | D:14     | Killed an eight-headed hydra
 20427 | D:14     | Reached skill level 14 in Conjurations
 20427 | D:14     | Reached XP level 13. HP: 101/101 MP: 12/27
 20745 | D:14     | Slain by a boulder beetle

Illustrated notes

Levels and vault maps discovered:
D:1:      dpeg_arrival_another_circle, layout_rooms,
          dreamdust_ecumenical_altar_sealed_demon, serial_bayou,
          serial_bayou_lake_a, serial_bayou_pond_c, serial_bayou_pond_d,
          serial_bayou_shore_a, serial_bayou_lagoon_a, serial_bayou_pond_a,
          minmay_tiny_reverse_x
D:2:      layout_rooms, serial_shops, nicolae_lakefront_shop
D:3:      layout_loops_ring, mainiacjoe_overflow_chevrons
D:4:      nicolae_cairo_tiling_very_big, layout_loops_ring,
          minmay_overflow_temple_hex, nicolae_wooded_promenade,
          chequers_big_river, uniq_menkaure
D:5:      layout_rooms, tso_oasis_becter, minmay_temple_entry_overgrown,
          sword_in_stone, uniq_pikel
D:6:      layout_cave_pools, gup_sewer_entry_glass,
          hangedman_abyss_or_decor_stagger, glass_columns_a
D:7:      layout_basic, old_standard_altar, lightli_minifort
D:8:      layout_basic, serial_shops, nicolae_shop_hallway_stairs
D:9:      layout_gridville
D:10:     layout_basic, lair_entry_dummy, david_orc_5
D:11:     layout_gridville
D:12:     layout_long_grid
D:13:     layout_basic, ximxim_vaults_locker_room, serial_shops,
          nicolae_shop_behind_doors, gauntlet_entry_generic, serial_glass,
          glass_columns_b, glass_columns_b, hangedman_decor_riveting,
          uniq_rupert
D:14:     layout_basic, serial_park_square1 [serial_park_minivault_5x5_6],
          nicolae_vehumet_altar_sigil
Temple:   dshaligram_water_room_temple

Skill      XL: |  1  2  3  4  5  6  7  8  9 10 11 12 |
---------------+-------------------------------------+-----
Dodging        | 2 3 4 5 |  5.6
Stealth        | 2 |  2.0
Fighting       | 2 3 4 5 |  5.5
Conjurations   | 1 2 3 5 8 9 11 14 | 14.1
Earth Magic    | 4 5 6 7 8 9 10 | 10.1
Spellcasting   | 3 4 5 6 7 8 10 | 10.2
Maces & Flails | 1 2 3 |  3.7
Long Blades    | 2 3 |  3.9
Transmutations | |  1.0

Action                   |  1- 3 |  4- 6 |  7- 9 | 10-12 | 13-15 || total
-------------------------+-------+-------+-------+-------+-------++-------
Melee: Quarterstaff      |   127 |    80 |       |       |       ||   207
       Tailslap          |     8 |     7 |    15 |    11 |     1 ||    42
       Flail             |       |    10 |   128 |     1 |       ||   139
       Punch             |       |       |     1 |       |       ||     1
       Long sword        |       |       |       |    67 |       ||    67
       Staff             |       |       |       |     1 |     1 ||     2
 Cast: Sandblast         |     7 |    14 |    21 |     1 |       ||    43
       Stone Arrow       |       |    14 |   169 |   335 |     2 ||   520
       Orb of Destructio |       |       |       |    17 |     3 ||    20
 Abil: Breathe Acid      |       |       |    15 |    16 |       ||    31
Evoke: Wand              |       |       |       |     1 |     3 ||     4
  Use: Scroll            |       |       |       |    15 |       ||    15
 Stab: Sleeping          |     3 |     4 |       |       |       ||     7
Armor: Skin              |    43 |    30 |    81 |    47 |       ||   201
Dodge: Dodged            |    94 |    77 |   187 |   122 |     1 ||   481

Table legend: (Time is in decaauts)
 A = Elapsed time spent in this place.
 B = Non-inter-level travel time spent in this place.
 C = Inter-level travel time spent in this place.
 D = Time resting spent in this place.
 E = Time spent auto-exploring this place.
 F = Levels seen in this place.
 G = Mean time per level.
                   A        B        C        D        E       F      G
               +--------+--------+--------+--------+--------+-----+--------+
         Total |  21052 |  20758 |    294 |   6053 |   9841 |  17 | 1238.4 |
       Dungeon |  19415 |  19121 |    294 |   5314 |   9750 |  14 | 1386.8 |
        Temple |    109 |    109 |      0 |      0 |     88 |   1 |  109.0 |
         Sewer |    861 |    861 |      0 |    464 |      3 |   1 |  861.0 |
      Gauntlet |    666 |    666 |      0 |    275 |      0 |   1 |  666.0 |
               +--------+--------+--------+--------+--------+-----+--------+

Top non-repeatable levels by time:
    D:12: 2010 daAuts
    D:10: 1935 daAuts
     D:4: 1885 daAuts
    D:11: 1757 daAuts
     D:7: 1637 daAuts
    D:13: 1515 daAuts
     D:5: 1478 daAuts
     D:8: 1254 daAuts
     D:6: 1247 daAuts
     D:1: 1137 daAuts
    D:14: 1022 daAuts
     D:9: 1011 daAuts
   Sewer: 861 daAuts
     D:3: 831 daAuts
     D:2: 690 daAuts
